 Dungeon Crawl Stone Soup version 0.31-a0-145-g046c7d2549 (webtiles) character file.

Game seed: 3647733780862745631

102727 avis the Severer (level 16, -24/149 HPs)
             Began as a Hill Orc Monk on June 3, 2023.
             Was a High Priest of Beogh.
             Annihilated by a kraken (35 damage)
             ... on level 1 of the Shoals on June 5, 2023.
             The game lasted 05:31:49 (37323 turns).

avis the Severer (Hill Orc Monk)                   Turns: 37323, Time: 05:31:50

Health: -24/149    AC: 27    Str: 22    XL:     16   Next: 34%
Magic:  25/31      EV:  8    Int: 16    God:    Beogh [*****.]
Gold:   1941       SH: 20    Dex: 19    Spells: 15/15 levels left

rFire   + . .        a - +0 broad axe
rCold   + . .        P - +0 tower shield
rNeg    + . .        S - +1 gold dragon scales
rPois   +            m - +0 helmet {Int+3}
rElec   .            L - +0 cloak
rCorr   .            i - +0 pair of gloves
SInv    .            X - +0 pair of boots
Will    +....        c
                       - Hermit's Pendant {Faith Invo=14 Evo=0 MP+5} Stlth
                     E - +6 ring of dexterity
HPRegen 0.44/turn    e - ring "Lealiom" {rN+ Int+3 Slay+2}
MPRegen 0.22/turn

%: faith
@: no status effects
A: walk on water
a: Renounce Religion, Smiting, Recall Orcish Followers, Give Item to Named
Follower


You were on level 1 of the Shoals.
You worshipped Beogh.
Beogh was extremely pleased with you.
You visited 5 branches of the dungeon, and saw 22 of its levels.
You also visited: Sewer, Gauntlet and Ice Cave.

You collected 1941 gold pieces.

Inventory:

Hand Weapons
 a - a +0 broad axe (weapon)
 b - a +5 flail of holy wrath
 s - a +0 trident
 w - the +5 glaive of the Guard {elec, spectral, AC+5}
   (You found it on level 13 of the Dungeon)

   AC:        It affects your AC (+5).
 N - a +0 trident
Missiles
 d - 2 throwing nets (quivered)
Armour
 i - a +0 pair of gloves (worn)
 m - a +0 helmet of intelligence (worn)
 H - a +4 plate armour of poison resistance
 L - a +0 cloak (worn)
 P - a +0 tower shield (worn)
 S - +1 gold dragon scales (worn)
 X - a +0 pair of boots (worn)
Jewellery
 c - the Hermit's Pendant (around neck) {Faith Invo=14 Evo=0 MP+5}
   (You found it on level 6 of the Dungeon)

   [amulet of faith]

   Invo=14: It sets your Invocations skill to 14.
   Evo=0: It sets your Evocations skill to 0.
   It allows you to gain divine favour quickly.
   MP:        It affects your magic capacity (+5).
 e - the ring "Lealiom" (right hand) {rN+ Int+3 Slay+2}
   (You found it in a Gauntlet)

   [ring of positive energy]

   Int:       It affects your intelligence (+3).
   Slay:      It affects your accuracy & damage with ranged weapons and melee
   (+2).
   rN:        It protects you from negative energy.
 g - a ring of see invisible
 A - a ring of willpower
 E - a +6 ring of dexterity (left hand)
 W - a ring of ice
 Y - a ring of protection from fire
Wands
 j - a wand of polymorph (20)
 n - a wand of flame (45)
 r - a wand of iceblast (9)
 t - a wand of paralysis (35)
 x - a wand of quicksilver (10)
 D - a wand of mindburst (14)
Scrolls
 h - 5 scrolls of immolation {unknown}
 l - 13 scrolls of teleportation {unknown}
 p - 6 scrolls of fear {unknown}
 y - 4 scrolls of blinking
 G - a scroll of silence
 J - 4 scrolls of fog
 M - 5 scrolls of brand weapon {unknown}
 O - 6 scrolls of vulnerability {unknown}
 V - 2 scrolls of butterflies
Potions
 f - a potion of invisibility
 o - 3 potions of brilliance
 u - 2 potions of enlightenment
 v - a potion of ambrosia
 z - a potion of haste
 B - 3 potions of cancellation
 C - 3 potions of magic
 F - 3 potions of heal wounds
 I - 2 potions of resistance
 K - 2 potions of curing
 Q - 5 potions of might
 R - 2 potions of lignification
Miscellaneous
 k - a sack of spiders
 q - a lightning rod (4/4)
 T - a phial of floods


   Skills:
 + Level 15.4 Fighting
 - Level 18.0 Axes
 - Level 15.0 Armour
 - Level 10.0 Dodging
 - Level 15.0 Shields


You had 15 spell levels left.
You didn't know any spells.
Your spell library contained the following spells:

 Spells                   Type           Power      Damage    Failure   Level
 Freeze                   Ice            0%         1d3       100%        1
 Magic Dart               Conj           0%         1d3       100%        1
 Cigotuvi's Dreadful Rot  Necr/Pois/Air  0%         N/A       100%        2
 Scorch                   Fire           0%         2d5       100%        2
 Searing Ray              Conj           0%         2d4       100%        2
 Sublimation of Blood     Necr           0%         N/A       100%        2
 Dazzling Flash           Conj/Hex       0%         N/A       100%        3
 Gell's Gravitas          Tloc           0%         N/A       100%        3
 Hailstorm                Conj/Ice       0%         3d3       100%        3
 Ignite Poison            Fire/Tmut/Pois 0%         N/A       100%        3
 Ozocubu's Armour         Ice            0%         N/A       100%        3
 Teleport Other           Tloc           0%         N/A       100%        3
 Vhi's Electric Charge    Tloc/Air       0%         N/A       100%        3
 Volatile Blastmotes      Fire/Tloc      0%         2d10      100%        3
 Flame Wave               Conj/Fire      0%         2d4       100%        4
 Fulminant Prism          Conj/Hex       0%         3d5       100%        4
 Iskenderun's Mystic Bla  Conj/Tloc      0%         2d3       100%        4
 Olgreb's Toxic Radiance  Pois           0%         N/A       100%        4
 Passage of Golubria      Tloc           0%         N/A       100%        4
 Sticky Flame             Conj/Fire      0%         2d3       100%        4
 Agony                    Necr           0%         N/A       100%        5
 Arcjolt                  Conj/Air       0%         1d10      100%        5
 Blade Hands              Tmut           0%         N/A       100%        5
 Borgnjor's Vile Clutch   Necr/Erth      0%         N/A       100%        5
 Fireball                 Conj/Fire      0%         3d3       100%        5
 Freezing Cloud           Conj/Ice/Air   0%         6-21      100%        5
 Irradiate                Conj/Tmut      0%         3d11      100%        5
 Silence                  Hex/Air        0%         N/A       100%        5
 Summon Forest            Summ/Tloc      0%         N/A       100%        5
 Dispersal                Tloc           0%         N/A       100%        6
 Eringya's Noxious Bog    Tmut/Pois      0%         N/A       100%        6
 Plasma Beam              Fire/Air       0%         2x1d10    100%        6
 Starburst                Conj/Fire      0%         6d3       100%        6
 Summon Cactus Giant      Summ           0%         N/A       100%        6
 Dragon Form              Tmut           0%         N/A       100%        7
 Haunt                    Necr/Summ      0%         N/A       100%        7
 Ozocubu's Refrigeration  Ice            0%         4d7       100%        7
 Summon Hydra             Summ           0%         N/A       100%        7
 Ignition                 Fire           0%         3d3       100%        8
 Lehudib's Crystal Spear  Conj/Erth      0%         10d2      100%        8
 Necromutation            Tmut/Necr      0%         N/A       100%        8


Dungeon Overview and Level Annotations

Branches:
Dungeon (14/15)            Temple (1/1) D:5            Lair (5/5) D:9
 Shoals (1/4) Lair:2       Spider (1/4) Lair:3        Slime (0/5) Lair:4
    Orc (0/2) D:12         Vaults (0/5) D:13          Sewer (visited)
  IceCv (visited)         Gauntlet (visited)

Altars:
Ashenzari
Cheibriados
Dithmenos
Elyvilon
Fedhas
Gozag
Hepliaklqana
Kikubaaqudgha
Makhleb
Nemelex Xobeh
Okawaru
Qazlal
Ru
Sif Muna
Trog
Uskayaw
Vehumet
Wu Jian
Xom
Yredelemnul
Zin
The Shining One
Beogh
Jiyva
Lugonu

Shops:
D:2 :   Shoals:1 *

Portals:
Abyss: Lair:5

Annotations:
D:14 1 runed translucent door, Kilet's ghost, adept GrEE
Lair:3 Can't reach some places
Lair:4 exclusion: 4 oklob plants


Message History

The kraken is lightly wounded.
You block the kraken's attack.
You hit the kraken.
The kraken is lightly wounded.
You block the kraken's attack.
You slash the kraken!
The kraken is lightly wounded.
The kraken bites you!!!
You hear a shout! x2
You slash the kraken!
The kraken is lightly wounded.
Tentacles burst out of the water!
A merfolk comes into view. It is wielding a +0 trident.
You block the kraken's attack. 4 tentacles come into view.
You slash the kraken!
The kraken is moderately wounded.
You hit the tentacle. You hit the tentacle but do no damage.
You block the tentacle's attack. The tentacle slaps you. The kraken bites you!!
* * * LOW HITPOINT WARNING * * *
A merfolk comes into view. It is wielding a +0 trident.
Aiming: Smiting
Press: ? - help, Dir - move target, f/p - kraken Smite: a kraken (water, moderately wounded)
You smite the kraken!!!
The kraken is heavily wounded.
You block the tentacle's attack. The tentacle barely misses you.
You block the kraken's attack.
The tentacle slaps you but does no damage.
You block the tentacle's attack. x3
Aiming: Smiting
Press: ? - help, Dir - move target, f/p - kraken Smite: a kraken (water, heavily wounded)
You smite the kraken!!
The kraken is heavily wounded.
The kraken barely misses you. You block the tentacle's attack. x2
The tentacle closely misses you. The tentacle slaps you!!
* * * LOW HITPOINT WARNING * * *
The kraken bites you!!
You die...

≈~~~~~~~P............~~≈≈≈≈≈≈≈≈
≈≈~.~~~..............~~≈≈≈≈≈≈≈≈
~≈~..~~.....P.........~≈≈≈≈≈≈≈≈
~~~..~~~..............~~≈≈≈≈≈≈≈
~~...~~~.......†.......~≈≈≈≈≈≈≈
~~~.~~P~...............~≈≈≈≈≈≈≈
~~~~~~~~......P........~≈≈≈≈≈≈≈
~~~~P~~~...P...w.w.....~≈≈≈≈≈≈≈
~~~~~PP~......│.@.*.m.~≈≈≈≈≈≈≈≈
~~~~~PPP~.P...≈wXw≈≈≈≈≈≈≈≈≈≈≈≈≈
~~~~~≈~~...≈≈≈≈≈≈≈≈≈≈≈≈≈≈≈≈≈≈≈≈
~P.~~P~...≈≈≈≈≈≈≈≈≈≈≈≈≈≈≈≈≈≈≈≈≈
.#P.P.....≈≈≈≈≈≈≈≈≈≈m≈≈≈≈≈≈≈≈≈≈
P#P.......≈≈≈≈≈≈≈≈≈≈≈≈≈≈≈≈≈≈≈≈≈
PP.......≈≈≈≈≈≈≈≈≈≈≈≈≈≈≈≈≈
.........≈≈≈≈≈≈≈≈....(..
...P.....≈≈≈≈≈≈≈..#####


You could see a kraken, 2 merfolk and 4 tentacles.

Vanquished Creatures
  A kraken (Shoals:1)
  A storm dragon (D:13)
  Louise (D:14)
  A minotaur (Gauntlet)
  A dire elephant (Lair:1)
  3 merfolk impalers (Shoals:1)
  An ettin (D:13)
  2 entropy weavers (Spider:1)
  2 catoblepae
  2 hydras
  A centaur warrior (D:13)
  2 radroaches (Spider:1)
  3 boulder beetles
  2 two-headed ogres (D:11)
  A death knight (D:13)
  4 death yaks
  A demonic crawler (Spider:1)
  2 fire crabs (D:13)
  A skeletal warrior (D:10)
  The ghost of Monarks the Basher, a novice GrMo of Ru (D:12)
  A skyshark (Lair:4)
  3 orb spiders (Spider:1)
  A sea snake (Shoals:1)
  A death drake (shapeshifter) (D:14)
  A wizard (D:14)
  Pikel (D:4)
  A steelbarb worm (Spider:1)
  A deep elf pyromancer (D:6)
  A faun (Shoals:1)
  4 ugly things
  4 wolf spiders (Spider:1)
  A necromancer (IceCv)
  2 manticores (D:12)
  3 cyclopes
  9 elephants
  A moth of wrath (Gauntlet)
  Maurice (D:9)
  A merfolk siren (Shoals:1)
  Joseph (D:7)
  4 torpor snails
  A water nymph (Shoals:1)
  An ice statue (IceCv)
  A smoke demon (Lair:5)
  6 cane toads
  8 kobold demonologists
  2 unseen horrors (D:10)
  A rime drake (Lair:4)
  7 komodo dragons
  An efreet (D:13)
  9 ice devils (IceCv)
  4 freezing wraiths (IceCv)
  A polar bear (Lair:5)
  2 anaconda simulacra (IceCv)
  5 merfolk (Shoals:1)
  Grinder (D:3)
  A tarantella (Spider:1)
  5 blink frogs (Lair:5)
  A snapping turtle (Shoals:1)
  Sigmund (D:4)
  3 slime creatures
  8 jumping spiders (Spider:1)
  A centaur simulacrum (D:13)
  A vampire (D:14)
  4 shadows
  26 yaks
  2 fire elementals (D:14)
  2 water elementals (Shoals:1)
  4 culicivoras (Spider:1)
  6 fire bats (D:10)
  2 ynoxinuls (Lair:5)
  2 dire elephant simulacra (IceCv)
  4 wyverns
  4 wraiths
  Eustachio (D:3)
  A human (shapeshifter) (D:13)
  A large abomination (Lair:5)
  5 basilisks
  5 death yak simulacra (IceCv)
  27 redbacks
  2 steam dragons (D:8)
  8 vampire mosquitoes
  Edmund (D:5)
  2 hydra simulacra (IceCv)
  3 hell hounds (D:14)
  3 water moccasins (Lair:1)
  3 ice beasts
  An orc warrior (D:9)
  2 sky beasts
  2 black bears
  2 hornet zombies (D:7)
  5 boggarts (D:14)
  A wolf (Lair:5)
  8 centaurs
  A phantom (D:5)
  5 small abominations (Lair:5)
  5 kobold brigands
  A two-headed ogre simulacrum (IceCv)
  A necrophage (D:7)
  8 bullfrogs
  3 scorpions
  4 cane toad simulacra (IceCv)
  A wyvern zombie (D:7)
  6 wights (D:7)
  5 elephant simulacra (IceCv)
  6 killer bees (D:10)
  An electric eel (Lair:1)
  2 howler monkeys
  2 centaur zombies (D:7)
  A human zombie (D:7)
  3 jellies
  A gnoll bouda (D:7)
  2 orc priests (D:8)
  6 hounds
  Crazy Yiuf (D:5)
  2 sleepcaps
  Jessica (D:3)
  2 iguanas
  Natasha (thrice) (D:3)
  Terence (D:3)
  Ijyb (D:3)
  12 orc wizards
  A spriggan simulacrum (IceCv)
  A troll simulacrum (IceCv)
  4 hell rats (Lair:5)
  A polar bear simulacrum (IceCv)
  5 wolf simulacra (IceCv)
  2 killer bee zombies (D:7)
  2 mummies (D:7)
  3 river rats (Sewer)
  6 adders
  A shadow imp (D:6)
  2 white imps
  An ufetubus (IceCv)
  3 worms (D:3)
  5 dart slugs
  16 orcs
  15 ball pythons
  64 bats
  11 endoplasms
  6 giant cockroaches
  7 goblins
  4 hobgoblins
  9 jackals
  4 quokkas
  3 frilled lizards
  33 kobolds
  20 rats
601 creatures vanquished.

Vanquished Creatures (collateral kills)
  Azrael (D:14)
  A vault guard (D:13)
  A hydra (Lair:2)
  A catoblepas (Lair:5)
  A centaur warrior (Shoals:1)
  A radroach (Spider:1)
  A boulder beetle (D:13)
  A two-headed ogre (D:11)
  A dancing weapon (D:13)
  A demonic crawler (Spider:1)
  6 death yaks
  A deep troll earth mage (D:13)
  A thrashing horror (Lair:5)
  4 skeletal warriors (D:11)
  A pharaoh ant (Spider:1)
  2 skysharks
  A large abomination (Lair:5)
  An orb spider (Spider:1)
  A flayed ghost (D:10)
  2 steelbarb worms (Spider:1)
  2 orc knights
  A lindwurm (Lair:1)
  A deep elf pyromancer (D:14)
  5 wolf spiders (Spider:1)
  3 ugly things (Lair:5)
  4 cyclopes
  6 manticores
  A faun (Shoals:1)
  A merfolk siren (Shoals:1)
  8 elephants
  A water nymph (Shoals:1)
  A black mamba (Lair:1)
  3 smoke demons (Lair:5)
  8 cane toads
  2 rime drakes
  6 komodo dragons
  A freezing wraith (IceCv)
  A kobold demonologist (D:12)
  A tengu conjurer (D:13)
  An ancient zyme (Lair:5)
  An ice devil (IceCv)
  5 tarantellas (Spider:1)
  5 blink frogs (Lair:5)
  4 merfolk (Shoals:1)
  2 snapping turtles (Shoals:1)
  5 slime creatures
  5 culicivoras (Spider:1)
  8 jumping spiders (Spider:1)
  A spriggan (Lair:5)
  A wraith (D:11)
  A vampire (D:11)
  4 wyverns
  7 basilisks
  A fire bat (D:10)
  20 yaks
  2 chaos spawn (Lair:5)
  8 redbacks (Spider:1)
  2 vampire mosquitoes (D:14)
  An acid dragon (D:10)
  4 water moccasins
  2 hell hounds (D:14)
  3 orc warriors
  A sky beast (shapeshifter) (D:13)
  A black bear (Lair:4)
  3 wolves (Lair:5)
  4 centaurs
  2 kobold brigands
  6 bullfrogs
  A gnoll sergeant (D:11)
  5 small abominations (Lair:5)
  4 electric eels
  2 orc priests
  An orc wizard (D:9)
  3 hell rats (Lair:5)
  4 gnolls (D:11)
  A naga simulacrum (IceCv)
  A white imp (IceCv)
  10 orcs
  23 bats (D:10)
  3 kobolds
254 creatures vanquished.

Vanquished Creatures (others)
  A demonic crawler (Spider:1)
  2 orc warriors
  A bullfrog (D:7)
  5 orc priests
  8 orc wizards
  20 orcs
  4 tentacles (Shoals:1)
41 creatures vanquished.

Grand Total: 896 creatures vanquished

Notes
Turn   | Place    | Note
-------+----------+-------------------------------------------
     0 | D:1      | avis the Hill Orc Monk began the quest for the Orb.
     0 | D:1      | Reached XP level 1. HP: 19/19 MP: 1/1
   160 | D:1      | Reached XP level 2. HP: 24/26 MP: 2/2
   467 | D:1      | Reached skill level 5 in Axes
  1088 | D:2      | Found Ocah's Vocational Training.
  1306 | D:2      | Reached XP level 3. HP: 31/31 MP: 3/3
  1803 | D:2      | Reached skill level 6 in Axes
  2238 | D:3      | Reached XP level 4. HP: 32/40 MP: 4/4
  2297 | D:3      | Noticed Grinder
  2316 | D:3      | Killed Grinder
  2317 | D:3      | Reached skill level 8 in Axes
  2317 | D:3      | Reached XP level 5. HP: 35/46 MP: 5/5
  2317 | D:3      | Reached XP level 6. HP: 40/52 MP: 6/6
  2383 | D:3      | Found a glowing drain.
  2388 | D:3      | Noticed Natasha
  2408 | D:3      | Killed Natasha
  2409 | D:3      | Reached skill level 9 in Axes
  2417 | Sewer    | Entered a sewer
  2605 | Sewer    | Reached XP level 7. HP: 46/59 MP: 7/7
  2701 | Sewer    | Reached skill level 10 in Axes
  3127 | D:3      | Noticed Natasha
  3144 | D:3      | Killed Natasha
  3163 | D:3      | Found a sacrificial altar of Ru.
  3316 | D:3      | Noticed Terence
  3337 | D:3      | Killed Terence
  3410 | D:3      | You fall into a shaft and drop 2 floors!
  3410 | D:5      | Entered Level 5 of the Dungeon
  3410 | D:5      | Found a staircase to the Ecumenical Temple.
  3421 | Temple   | Entered the Ecumenical Temple
  3618 | D:4      | Reached skill level 5 in Fighting
  3636 | D:4      | Noticed Sigmund
  3651 | D:4      | Killed Sigmund
  3652 | D:4      | Reached skill level 11 in Axes
  3652 | D:4      | Reached XP level 8. HP: 54/68 MP: 8/8
  3809 | D:3      | Noticed Natasha
  3825 | D:3      | Killed Natasha
  3852 | D:3      | Noticed Ijyb
  3852 | D:3      | Noticed Jessica
  3856 | D:3      | Killed Jessica
  3857 | D:3      | Reached skill level 12 in Axes
  3858 | D:3      | Killed Ijyb
  4579 | D:4      | Noticed Eustachio
  4613 | D:3      | Killed Eustachio
  4770 | D:4      | Found a radiant altar of Vehumet.
  4772 | D:4      | Noticed Pikel
  4810 | D:4      | Killed Pikel
  4811 | D:4      | Reached skill level 14 in Axes
  4949 | D:4      | Reached XP level 9. HP: 60/75 MP: 9/9
  5608 | D:5      | Reached skill level 1 in Armour
  5972 | D:5      | Noticed Edmund
  5996 | D:5      | Killed Edmund
  6138 | D:5      | Identified the +7 halberd of Dissolution {speed, +Blink
                  | rPois rC+++}
  6345 | D:5      | Found a runed translucent door.
  6346 | D:5      | Noticed Crazy Yiuf
  6351 | D:5      | Killed Crazy Yiuf
  6352 | D:5      | Reached skill level 1 in Shields
  7219 | D:6      | Found a faded altar of an unknown god.
  7219 | D:6      | Found the Hermit's Pendant {Faith Invo=14 Evo=0 MP+5}
  7220 | D:6      | Noticed a deep elf pyromancer
  7239 | D:6      | Killed a deep elf pyromancer
  7240 | D:6      | Reached XP level 10. HP: 57/92 MP: 10/10
  7474 | D:6      | Found a blossoming altar of Fedhas.
  7550 | D:7      | Became a worshipper of Beogh the Brigand
  7550 | D:7      | Reached * piety under Beogh
  7550 | D:7      | Reached ** piety under Beogh
  7789 | D:7      | Reached skill level 15 in Axes
  8032 | D:7      | Noticed Joseph
  8048 | D:7      | Reached skill level 10 in Fighting
  8058 | D:7      | Killed Joseph
  8414 | D:7      | Reached skill level 16 in Axes
  8507 | D:7      | Found an ancient bone altar of Kikubaaqudgha.
  9009 | D:8      | Noticed a kobold demonologist
  9071 | D:8      | Noticed a kobold demonologist
  9072 | D:8      | Noticed a kobold demonologist
  9073 | D:8      | Noticed a kobold demonologist
  9075 | D:8      | Noticed a sixfirhy
  9079 | D:8      | Noticed a kobold demonologist
  9165 | D:7      | Killed a kobold demonologist
  9176 | D:7      | Killed a kobold demonologist
  9210 | D:8      | Noticed a kobold demonologist
  9212 | D:8      | Noticed a soul eater
  9214 | D:8      | Noticed a soul eater
  9216 | D:7      | Reached *** piety under Beogh
  9225 | D:7      | Noticed a soul eater
  9227 | D:7      | Killed a kobold demonologist
  9250 | D:7      | Killed a kobold demonologist
  9251 | D:7      | Noticed a rust devil
  9252 | D:7      | Noticed a soul eater
  9253 | D:7      | Killed a kobold demonologist
  9254 | D:7      | Reached XP level 11. HP: 65/99 MP: 21/21
 10340 | D:9      | Noticed Maurice
 10347 | D:9      | Killed Maurice
 10482 | D:9      | Reached skill level 5 in Dodging
 10485 | D:9      | Noticed a boulder beetle
 10501 | D:9      | Killed a boulder beetle
 10800 | D:9      | Found a staircase to the Lair.
 10806 | D:9      | Reached skill level 5 in Armour
 10812 | D:9      | Reached skill level 17 in Axes
 10816 | D:9      | Reached skill level 5 in Shields
 10946 | D:9      | Found a glowing silver altar of Zin.
 11286 | D:9      | Upgraded the game from 0.31-a0-142-g31f6795574 to
                  | 0.31-a0-145-g046c7d2549
 11288 | Lair:1   | Entered Level 1 of the Lair of Beasts
 11661 | Lair:1   | Reached **** piety under Beogh
 11885 | Lair:1   | Reached skill level 18 in Axes
 12412 | Lair:1   | Gained Orkwin as an ally
 12668 | Lair:1   | Noticed a catoblepas
 12668 | Lair:1   | Noticed a dire elephant
 12683 | Lair:1   | Found a runed translucent door.
 12922 | Lair:1   | Killed a catoblepas
 12923 | Lair:1   | Reached XP level 12. HP: 97/111 MP: 18/22
 12942 | Lair:1   | Killed a dire elephant
 13443 | Lair:2   | Noticed a skyshark
 13452 | Lair:2   | Killed a skyshark
 13706 | Lair:2   | Found a staircase to the Shoals.
 14552 | Lair:2   | Identified the +8 great mace "Ronunas" {spect, rF+ Dex+3
                  | Stlth+}
 15569 | Lair:3   | Noticed a five-headed hydra
 15744 | Lair:2   | Killed a five-headed hydra
 16110 | Lair:3   | Found a radiant altar of Vehumet.
 16417 | Lair:3   | Noticed a catoblepas
 16428 | Lair:3   | Killed a catoblepas
 16429 | Lair:3   | Reached XP level 13. HP: 55/124 MP: 23/23
 16650 | Lair:3   | Found a hole to the Spider Nest.
 17772 | Lair:4   | Found a gate leading to a gauntlet.
 17793 | Gauntlet | Entered a Gauntlet
 17793 | Gauntlet | Found a transporter.
 17802 | Gauntlet | Found a transporter.
 17804 | Gauntlet | Noticed a green death
 17805 | Gauntlet | Found a transporter.
 17807 | Gauntlet | Found a transporter.
 17808 | Gauntlet | Found a transporter.
 17809 | Gauntlet | Found a transporter.
 17817 | Gauntlet | Found a transporter.
 17818 | Gauntlet | Found a transporter.
 17884 | Gauntlet | Found a transporter.
 17885 | Gauntlet | Found a transporter.
 17889 | Gauntlet | Found a transporter.
 17894 | Gauntlet | Noticed an entropy weaver
 17900 | Gauntlet | Found a transporter.
 18076 | Gauntlet | Identified the ring "Lealiom" {rN+ Int+3 Slay+2}
 18519 | Gauntlet | Noticed a minotaur
 18531 | Gauntlet | Killed a minotaur
 18532 | Gauntlet | Reached skill level 15 in Fighting
 18538 | Gauntlet | Got Cecat's Atlas of Comburant Contaminants
 18914 | D:10     | Entered Level 10 of the Dungeon
 19118 | D:10     | Found a sparkling altar of Nemelex Xobeh.
 19683 | D:10     | Found a sacrificial altar of Ru.
 19705 | D:10     | Gained Olfik as an ally
 19773 | D:10     | Found a runed translucent door.
 19820 | D:10     | Found a glowing silver altar of Zin.
 19845 | D:10     | Found a basalt altar of Yredelemnul.
 19909 | D:10     | Found an opulent altar of Gozag.
 19949 | D:10     | Reached ***** piety under Beogh
 20099 | D:10     | Found a basalt altar of Yredelemnul.
 20377 | D:10     | Found a basalt altar of Yredelemnul.
 20470 | D:10     | Found a white marble altar of Elyvilon.
 20517 | D:10     | Found a hide-covered altar of Uskayaw.
 20905 | Lair:4   | Found a viscous altar of Jiyva.
 20976 | Lair:4   | Reached skill level 10 in Shields
 21765 | Lair:5   | Entered Level 5 of the Lair of Beasts
 22068 | Lair:5   | Reached skill level 10 in Armour
 22273 | Lair:5   | Reached XP level 14. HP: 135/135 MP: 24/24
 23232 | Lair:5   | Reached ****** piety under Beogh
 23740 | Lair:5   | Found a corrupted altar of Lugonu.
 23740 | Lair:5   | Found a one-way gate to the infinite horrors of the Abyss.
 23746 | Lair:5   | Identified the staff of conjuration "Diwem" {rElec rC++ rN+
                  | Int+3}
 25334 | D:12     | Found a roughly hewn altar of Beogh.
 25334 | D:12     | Found a staircase to the Orcish Mines.
 25839 | D:12     | Gained Wargath as an ally
 26063 | D:12     | Found a large runed translucent door.
 26063 | D:12     | Found a large runed translucent door.
 26066 | D:12     | Noticed Monarks's ghost (novice GrMo)
 26078 | D:12     | Killed Monarks's ghost
 26882 | D:13     | Found a frozen archway.
 26887 | IceCv    | Entered an ice cave
 27453 | IceCv    | Found an ancient bone altar of Kikubaaqudgha.
 27492 | IceCv    | Reached XP level 15. HP: 82/141 MP: 25/25
 28294 | IceCv    | Got the Spellbook of Sepulchral Hoarfrost
 28424 | D:13     | Noticed a storm dragon
 29340 | D:13     | Identified the +4 leather armour of the Farrier {rC++
                  | Dex-2}
 29351 | D:13     | Found a gate to the Vaults.
 29470 | D:13     | Found the +5 glaive of the Guard {elec, spectral, AC+5}
 29478 | D:13     | Killed a storm dragon
 29746 | D:13     | Got Further Progress in Incantation
 29749 | D:13     | Identified the +0 chain mail "Heutit" {rC+ rN++ rCorr
                  | Int-3}
 30605 | D:14     | Noticed Azrael
 30615 | D:14     | Killed Azrael
 31129 | D:14     | Noticed Louise
 31146 | D:14     | Killed Louise
 31585 | D:14     | Found a runed translucent door.
 31585 | D:14     | Found a shimmering altar of Xom.
 31585 | D:14     | Noticed Kilet's ghost (adept GrEE)
 32033 | Spider:1 | Entered Level 1 of the Spider Nest
 33351 | Spider:1 | Gained Arbolt as an ally
 34277 | Spider:1 | Reached skill level 15 in Armour
 34277 | Spider:1 | Reached skill level 15 in Shields
 34432 | Spider:1 | Reached XP level 16. HP: 144/149 MP: 26/26
 35155 | Shoals:1 | Entered Level 1 of the Shoals
 35704 | Shoals:1 | Found Baiddag's Mayhem Merchandise.
 36443 | Shoals:1 | Gained Bogbrand as an ally
 37045 | Shoals:1 | Noticed a kraken
 37054 | Shoals:1 | Your ally Bogbrand died
 37055 | Shoals:1 | Killed a kraken
 37198 | Shoals:1 | Reached skill level 10 in Dodging
 37308 | Shoals:1 | Noticed a kraken
 37323 | Shoals:1 | Annihilated by a kraken

Illustrated notes

Levels and vault maps discovered:
D:1:      psy_arrival_radial01, layout_basic, minmay_tromino_v7
D:2:      layout_basic, nicolae_shop_vocational
D:3:      layout_basic, nicolae_ru_great_annihilating_truth,
          cheibrodos_sewer_entry_drain, minmay_between, uniq_grinder,
          uniq_terence, uniq_ijyb, uniq_jessica, uniq_natasha
D:4:      layout_loops_cross, nicolae_vehumet_radiance, uniq_sigmund,
          uniq_eustachio, uniq_pikel
D:5:      layout_cave_pools, minmay_temple_entry_grid, uniq_crazy_yiuf_cottage,
          uniq_edmund
D:6:      layout_basic, fedhas_altar_fruit_tree, chequers_jeans,
          hellmonk_guarded_unrand_hermit
D:7:      layout_loops_ring, lemuel_mausoleum_altar_kikubaaqudgha,
          dreamdust_gnoll_shepherd, uniq_joseph
D:8:      layout_gridville
D:9:      layout_basic, mainiacjoe_overflow_six_doors_small, lair_entry_dummy,
          grunt_decor_junction, uniq_maurice
D:10:     due_megacathedral, layout_cave_pools, amcnicky_altar_gilded,
          kennysheep_ying_yang, grunt_ministairs_9
D:11:     layout_basic, hangedman_decor_growths
D:12:     layout_roguey, david_orc_5, ebering_ghost_disaster_area,
          minmay_misc_feat_cross
D:13:     minmay_guarded_unrand_guard, layout_gridville, david_vaults_5,
          portal_ice_cave_entry_pillars_2
D:14:     layout_small_grid, serial_bayou_pond_d, ebering_ghost_xom,
          uniq_louise, uniq_azrael
Temple:   compressed_dpeg_circular_temple
Lair:1:   gammafunk_lair_enchanted_lake, layout_cave_pods, serial_bayou_shore_a
Lair:2:   layout_regular_city, shoals_dummy_entry
Lair:3:   layout_roguey, spider_nest_entry_web_field, lemuel_centaur_altar,
          wad_woods_river_01
Lair:4:   layout_roguey, minmay_slime_entry_oklob_enclosed,
          gauntlet_entry_generic, nicolae_quartered_pool_little, st_stairs_13
Lair:5:   hellmonk_lair_end_abyssal_woods, layout_regular_city
Shoals:1: nicolae_shoals_lighthouse, layout_shoals,
          nicolae_shoals_cliffside_cave, minmay_shop_mayhem
Spider:1: layout_spider_delve, guppyfry_spider_mini_2

Skill      XL: |  1  2  3  4  5  6  7  8  9 10 11 12 13 14 15 16 |
---------------+-------------------------------------------------+-----
Axes           | 5 6 8 9 11 14 16 18 | 18.0
Fighting       | 4 5 9 10 11 14 15 | 15.4
Armour         | 2 4 5 10 13 15 | 15.0
Shields        | 2 4 5 7 10 13 15 | 15.0
Dodging        | 4 5 6 7 8 10 | 10.0

Action                     |  1- 3 |  4- 6 |  7- 9 | 10-12 | 13-15 | 16-18 || total
---------------------------+-------+-------+-------+-------+-------+-------++-------
  Melee: Hand axe          |    98 |    66 |   356 |       |       |       ||   520
         Punch             |       |       |     1 |       |       |       ||     1
         Flail             |       |       |    72 |    50 |     8 |       ||   130
         War axe           |       |       |    28 |   244 |   572 |       ||   844
         Broad axe         |       |       |       |   236 |   530 |   225 ||   991
         Halberd           |       |       |       |       |    25 |       ||    25
 Invoke: Smiting           |       |       |       |    16 |    35 |     7 ||    58
         Convert to Beogh  |       |       |       |     1 |       |       ||     1
         Recall Orcish Fol |       |       |       |       |    12 |     6 ||    18
         Give Item to Name |       |       |       |       |     2 |     2 ||     4
         Stop Recall       |       |       |       |       |     5 |     3 ||     8
         Resurrection      |       |       |       |       |     1 |       ||     1
  Evoke: Wand              |       |       |     9 |       |     2 |     6 ||    17
    Use: Scroll            |       |     4 |     1 |     9 |    10 |       ||    24
         Potion            |       |     3 |     7 |     1 |     8 |       ||    19
   Stab: Invisible         |       |       |     1 |       |       |       ||     1
         Paralysed         |       |       |     1 |       |       |       ||     1
         Distracted        |       |       |       |     6 |    17 |     4 ||    27
         Petrified         |       |       |       |     4 |       |       ||     4
         Petrifying        |       |       |       |       |     1 |       ||     1
 Armour: Robe              |     2 |       |       |       |       |       ||     2
         Chain mail        |    42 |    58 |   214 |   142 |       |       ||   456
         Scale mail        |     4 |       |       |       |       |       ||     4
         Plate armour      |       |       |       |   120 |   264 |       ||   384
         Skin              |       |       |       |     2 |       |       ||     2
         Gold dragon scale |       |       |       |       |   367 |    75 ||   442
  Dodge: Dodged            |    35 |    33 |   120 |   137 |   296 |    49 ||   670
  Block: Kite shield       |       |       |    49 |   277 |   499 |       ||   825
         Tower shield      |       |       |       |       |   246 |   226 ||   472

Table legend: (Time is in decaauts)
 A = Elapsed time spent in this place.
 B = Non-inter-level travel time spent in this place.
 C = Inter-level travel time spent in this place.
 D = Time resting spent in this place.
 E = Time spent auto-exploring this place.
 F = Levels seen in this place.
 G = Mean time per level.
                   A        B        C        D        E       F      G
               +--------+--------+--------+--------+--------+-----+--------+
         Total |  37172 |  31389 |   5783 |   9630 |   9447 |  25 | 1486.9 |
       Dungeon |  18750 |  15863 |   2887 |   3547 |   6942 |  14 | 1339.3 |
        Temple |    131 |    116 |     15 |      0 |     67 |   1 |  131.0 |
          Lair |  11418 |   8630 |   2788 |   2890 |   2165 |   5 | 2283.6 |
        Shoals |   1303 |   1303 |      0 |    309 |      0 |   1 | 1303.0 |
   Spider Nest |   2574 |   2481 |     93 |   1372 |     92 |   1 | 2574.0 |
         Sewer |    606 |    606 |      0 |    225 |     21 |   1 |  606.0 |
      Ice Cave |   1465 |   1465 |      0 |    923 |      0 |   1 | 1465.0 |
      Gauntlet |    922 |    922 |      0 |    364 |    160 |   1 |  922.0 |
               +--------+--------+--------+--------+--------+-----+--------+

Top non-repeatable levels by time:
  Lair:1: 4653 daAuts
Spider:1: 2574 daAuts
  Lair:2: 1940 daAuts
  Lair:3: 1883 daAuts
     D:7: 1828 daAuts
     D:9: 1768 daAuts
  Lair:5: 1754 daAuts
    D:10: 1656 daAuts
    D:13: 1648 daAuts
    D:12: 1504 daAuts
   IceCv: 1465 daAuts
     D:3: 1438 daAuts
    D:11: 1313 daAuts
Shoals:1: 1303 daAuts
     D:5: 1256 daAuts
